 Dungeon Crawl Stone Soup version 0.27.0-1-g7a089689b8 (webtiles) character file.

Game seed: 15575880078877955918

14488 shadowrider38 the Severer (level 11, -4/110 HPs)
             Began as a Minotaur Berserker on July 31, 2021.
             Was a High Priest of Trog.
             Killed by divine providence
             ... invoked by a smoke demon
              (11 damage)
             ... on level 2 of the Abyss.
             The game lasted 00:31:58 (16045 turns).

shadowrider38 the Severer (Minotaur Berserker)     Turns: 16045, Time: 00:32:00

Health: -4/110     AC: 17    Str: 26    XL:     11   Next: 89%
Magic:  8/8        EV:  5    Int:  4    God:    Trog [*****.]
Gold:   274        SH:  0    Dex:  9    Spells: 10/10 levels left

rFire    + . .     SeeInvis .   a - +0 broad axe
rCold    + . .     Faith    .   (no shield)
rNeg     . . .     Spirit   .   K - +0 plate armour
rPois    .         Reflect  .   (helmet restricted)
rElec    .         Harm     .   h - scarf {rC+ rF+}
rCorr    +         Rampage  .   j - +0 pair of gloves
Will     +....                  w - +0 pair of boots
Stlth    ..........             (no amulet)
HPRegen  0.28/turn              s - ring of willpower
MPRegen  0.11/turn              v - ring of resist corrosion

@: hasted, constricted, studying Fighting, quick
A: horns 2, retaliatory headbutt, low mp 2, screaming 1
a: Renounce Religion, Berserk, Trog's Hand, Brothers in Arms


You were on level 2 of the Abyss.
You worshipped Trog.
Trog was extremely pleased with you.
You visited 1 branch of the dungeon, and saw 11 of its levels.
You visited the Abyss 1 time.

You collected 640 gold pieces.
You spent 366 gold pieces at shops.

Inventory:

Hand Weapons
 a - a +0 broad axe (weapon)
 y - a +3 spear
 z - a +2 long sword
 A - a +3 trident
 B - a +0 war axe
 C - a +2 flail of protection
 Q - a +2 battleaxe of distortion
Armour
 h - a scarf of resistance (worn)
 j - a +0 pair of gloves (worn)
 q - a +0 cloak
 w - a +0 pair of boots (worn)
 E - a +1 ring mail of poison resistance
 K - a +0 plate armour (worn)
Jewellery
 s - a ring of willpower (left hand)
 v - a ring of resist corrosion (right hand)
 H - a +4 ring of evasion
Wands
 n - a wand of flame (55)
 r - a wand of polymorph (10)
 F - a wand of iceblast (7)
 I - a wand of acid (11)
 L - a wand of mindburst (21)
Scrolls
 b - a scroll of brand weapon {unknown}
 d - 2 scrolls of teleportation {unknown}
 e - 2 scrolls of blinking {unknown}
 f - a scroll of immolation {unknown}
 k - 2 scrolls of amnesia
 l - 2 scrolls of fear
 m - 2 scrolls of magic mapping {unknown}
 t - a scroll of enchant weapon
 M - a scroll of fog {unknown}
 O - a scroll of enchant armour {unknown}
 P - a scroll of acquirement {unknown}
Potions
 c - 2 potions of lignification
 g - 3 potions of curing
 i - 2 potions of might
 o - 3 potions of haste
 p - a potion of ambrosia
 u - a potion of berserk rage
 x - a potion of flight
 D - a potion of attraction
 G - a potion of invisibility
 N - a potion of heal wounds {unknown}
Miscellaneous
 J - a tin of tremorstones (2/2)


   Skills:
 - Level 14.0 Fighting
 - Level 1.1(1.8) Short Blades
 - Level 2.3(2.5) Long Blades
 + Level 16.5 Axes
 - Level 1.1 Staves
 - Level 1.1(1.3) Slings
 - Level 1.0 Bows
 - Level 1.0 Crossbows
 - Level 0.9(1.2) Throwing
 - Level 10.5 Armour
 - Level 2.1 Dodging
 - Level 1.2 Shields
 - Level 0.9 Invocations
 - Level 0.9 Evocations


You had 10 spell levels left.
You didn't know any spells.
Your spell library was empty.

Dungeon Overview and Level Annotations

Branches:
Dungeon (11/15)            Temple (0/1) D:4             Orc (0/2) D:9
   Lair: D:8-11

Altars:
Cheibriados
Vehumet
Xom
Yredelemnul

Shops:
D:5 =   D:9 *


Innate Abilities, Weirdness & Mutations

You have a pair of horns on your head.
You reflexively headbutt those who attack you in melee.
Your magical capacity is very low. (-20% MP)
You occasionally shout uncontrollably at your foes.


Message History

The ufetubus hits you.
* * * LOW HITPOINT WARNING * * *
The ufetubus hits you.
* * * LOW HITPOINT WARNING * * *
The ynoxinul gestures.
You escape the starspawn tentacle's grasp.
The ynoxinul gestures.
The starspawn tentacle barely misses you.
The ufetubus splashes around in the water.
The ufetubus hits you but does no damage.
The starspawn tentacle barely misses you.
You furiously retaliate!
You headbutt the starspawn tentacle.
Found a gateway leading deeper into the Abyss.
Why would you want to do that? The neqoxec gestures at you.
Strange energies course through your body.
You feel the urge to shout. The neqoxec gestures at you.
Something tries to feed on your intellect!
Tentacles burst from the starspawn's body!
The tentacled starspawn bites you but does no damage.
The tentacled starspawn completely misses you. 2 starspawn tentacles come into view.
Okay, then.
You can't see any enemies this would affect, really read the scroll of fear?
Okay, then.
Okay, then.
You feel yourself speed up.
Tentacles burst from the starspawn's body!
The starspawn tentacle grabs you. The starspawn tentacle constricts you.
You yell at the starspawn tentacle! 2 starspawn tentacles come into view.
You escape the starspawn tentacle's grasp.
A large abomination comes into view.
The starspawn tentacle grabs you.
* * * LOW HITPOINT WARNING * * *
The starspawn tentacle constricts you. The smoke demon gestures at you.
Something smites you!
You die...

.
.#.#...<#####≈≈≈♣≈≈.#
. #. . ≈≈≈≈≈≈≈≈≈5≈≈.#
# # .
..≈≈≈≈≈≈53≈5≈≈## #
.≈≈≈≈≈≈53Λ≈5..# ##.
..≈≈♣≈x≈Λ/5\≈5.# ..
..♣≈≈≈≈/X\≈≈\# ...
≈≈≈≈w<≈3>≈#....#
≈≈≈≈♣≈wX5≈#│##.#
≈≈≈≈≈≈≈@w#/#
≈≈≈≈≈≈≈≈≈V.#
>≈≈≈≈≈≈≈≈.#.#
≈≈♣≈≈♣≈≈#..#X. ≈
♣≈≈≈≈≈.#.#...
≈≈≈≈♣≈♣# ## ..
≈≈≈≈≈≈≈ ≈≈≈≈ ≈≈


You could see 2 tentacled starspawn, a large abomination, a smoke demon, a
neqoxec, a ynoxinul, a small abomination, 3 starspawn tentacles and 8 ufetubi.

Vanquished Creatures
  The ghost of Vuocosy the Slinger, a journeyman HaHu of Okawaru (D:10)
  4 two-headed ogres
  A deep elf pyromancer (D:7)
  A cyclops (D:7)
  6 gargoyles
  3 trolls
  A hornet (D:7)
  A centaur simulacrum (D:10)
  Sigmund (D:2)
  2 wraiths
  A shadow (D:9)
  8 yaks
  A vampire (D:9)
  Eustachio (D:4)
  4 vampire mosquitoes (D:10)
  An acid dragon (D:11)
  2 water moccasins
  3 orc warriors
  3 sky beasts
  A necrophage (D:7)
  A black bear (D:6)
  3 ogres
  6 centaurs
  2 kobold brigands
  4 bullfrogs
  A gnoll sergeant (D:8)
  Blork the orc (D:4)
  A wyvern zombie (D:7)
  6 scorpions
  8 killer bees
  A howler monkey (D:10)
  3 wights
  3 centaur zombies
  3 hounds
  2 orc priests
  A gnoll shaman (D:5)
  4 bullfrog skeletons
  8 orc wizards
  6 iguanas
  A killer bee zombie (D:5)
  2 hound skeletons (D:4)
  2 mummies (D:10)
  A howler monkey zombie (D:8)
  Robin (D:2)
  A howler monkey skeleton (D:7)
  13 gnolls
  8 adders
  A shadow imp (D:6)
  An ufetubus (D:4)
  5 dart slugs
  26 orcs
  9 ball pythons
  4 bats (D:3)
  2 endoplasms
  A giant cockroach (D:4)
  14 goblins
  9 hobgoblins
  9 jackals
  4 quokkas
  4 frilled lizards
  15 kobolds
  A rat (D:1)
244 creatures vanquished.

Vanquished Creatures (others)
  12 starspawn tentacles (Abyss:2)
12 creatures vanquished.

Grand Total: 256 creatures vanquished

Notes
Turn   | Place    | Note
-------+----------+-------------------------------------------
     0 | D:1      | shadowrider38 the Minotaur Berserker began the quest for
                  | the Orb.
     0 | D:1      | Reached XP level 1. HP: 19/19 MP: 0/0
   157 | D:1      | Reached skill level 4 in Axes
   367 | D:1      | Found a faded altar of an unknown god.
   432 | D:1      | Reached XP level 2. HP: 21/26 MP: 1/1
  1019 | D:2      | Reached skill level 5 in Axes
  1025 | D:2      | Reached XP level 3. HP: 30/31 MP: 2/2
  1223 | D:2      | Reached ** piety under Trog
  1223 | D:2      | Noticed Sigmund
  1233 | D:2      | Killed Sigmund
  1234 | D:2      | Reached skill level 7 in Axes
  1234 | D:2      | Reached XP level 4. HP: 30/39 MP: 3/3
  1234 | D:2      | Reached XP level 5. HP: 35/45 MP: 4/4
  1246 | D:2      | Noticed Robin
  1532 | D:2      | Killed Robin
  2010 | D:2      | Reached skill level 8 in Axes
  2391 | D:3      | Reached XP level 6. HP: 44/51 MP: 5/5
  2855 | D:4      | Noticed Blork the orc
  2919 | D:4      | Killed Blork the orc
  2920 | D:4      | Reached skill level 9 in Axes
  3173 | D:4      | Reached XP level 7. HP: 38/57 MP: 6/6
  3411 | D:4      | Reached *** piety under Trog
  3593 | D:4      | Reached skill level 10 in Axes
  3750 | D:4      | Noticed Eustachio
  3767 | D:4      | Killed Eustachio
  3811 | D:4      | Found a staircase to the Ecumenical Temple.
  3993 | D:5      | Entered Level 5 of the Dungeon
  4158 | D:5      | Reached skill level 11 in Axes
  4335 | D:5      | Reached XP level 8. HP: 64/64 MP: 7/7
  4933 | D:5      | Reached skill level 12 in Axes
  5457 | D:5      | Found Zyclom's Jewellery Shoppe.
  6113 | D:6      | Reached skill level 13 in Axes
  6502 | D:6      | Noticed a two-headed ogre
  6502 | D:6      | Noticed a troll
  6723 | D:5      | Killed a two-headed ogre
  6724 | D:5      | Reached skill level 14 in Axes
  6724 | D:5      | Reached XP level 9. HP: 20/70 MP: 8/8
  6999 | D:6      | Killed a troll
  7276 | D:6      | Reached skill level 15 in Axes
  8280 | D:6      | Reached **** piety under Trog
  8287 | D:6      | Reached skill level 1 in Long Blades
  8287 | D:6      | Reached skill level 16 in Axes
  8742 | D:7      | Noticed a cyclops
  8861 | D:7      | Noticed a gargoyle
  8873 | D:7      | Killed a gargoyle
  8874 | D:7      | Reached XP level 10. HP: 77/77 MP: 9/9
  8878 | D:7      | Killed a cyclops
  8879 | D:7      | Reached skill level 1 in Short Blades
  8879 | D:7      | Reached skill level 1 in Staves
  8879 | D:7      | Reached skill level 1 in Slings
  8879 | D:7      | Reached skill level 1 in Bows
  8879 | D:7      | Reached skill level 1 in Crossbows
  8879 | D:7      | Reached skill level 1 in Shields
  8992 | D:7      | Noticed a deep elf pyromancer
  9346 | D:7      | Killed a deep elf pyromancer
  9347 | D:7      | Reached skill level 5 in Armour
  9972 | D:7      | Found a snail-covered altar of Cheibriados.
  9973 | D:7      | Found a basalt altar of Yredelemnul.
 10958 | D:8      | Noticed a two-headed ogre
 10974 | D:8      | Killed a two-headed ogre
 11269 | D:8      | Noticed a gargoyle
 11275 | D:8      | Killed a gargoyle
 11352 | D:8      | Noticed a gargoyle
 11356 | D:8      | Killed a gargoyle
 11919 | D:8      | Reached skill level 10 in Armour
 12282 | D:8      | Noticed a gargoyle
 12285 | D:8      | Killed a gargoyle
 12394 | D:8      | Noticed a gargoyle
 12399 | D:8      | Killed a gargoyle
 12400 | D:8      | Reached XP level 11. HP: 82/82 MP: 10/10
 12637 | D:9      | Reached skill level 5 in Fighting
 12736 | D:9      | Found a staircase to the Orcish Mines.
 13438 | D:9      | Found Ishrov's General Store.
 13441 | D:9      | Bought a +2 battleaxe of distortion for 366 gold pieces
 13964 | D:9      | Noticed a two-headed ogre
 13970 | D:9      | Killed a two-headed ogre
 14051 | D:9      | Found a radiant altar of Vehumet.
 14144 | D:10     | Entered Level 10 of the Dungeon
 14186 | D:10     | Found a transporter.
 14186 | D:10     | Noticed Vuocosy's ghost (journeyman HaHu)
 14189 | D:10     | Found a transporter.
 14356 | D:10     | Reached skill level 10 in Fighting
 14522 | D:10     | Noticed a two-headed ogre
 14528 | D:10     | Found a shimmering altar of Xom.
 14530 | D:10     | Killed a two-headed ogre
 14581 | D:10     | Found a shimmering altar of Xom.
 14583 | D:10     | Found a shimmering altar of Xom.
 14586 | D:10     | Found a shimmering altar of Xom.
 15022 | D:10     | Reached ***** piety under Trog
 15428 | D:10     | Killed Vuocosy's ghost
 15596 | D:11     | Noticed a sea snake
 15932 | D:11     | Noticed an eight-headed hydra
 15934 | D:11     | Cast into level 2 of the Abyss (unwielding a weapon of
                  | distortion)
 16011 | Abyss:2  | Noticed a tentacled starspawn
 16021 | Abyss:2  | Noticed a tentacled starspawn
 16030 | Abyss:2  | Gained mutation: Your magical capacity is low. (-10% MP) [a
                  | neqoxec]
 16032 | Abyss:2  | Gained mutation: Your magical capacity is very low. (-20%
                  | MP) [a neqoxec]
 16037 | Abyss:2  | HP: 5/110 [ufetubus[a ynoxinul] (1)]
 16041 | Abyss:2  | Gained mutation: You occasionally shout uncontrollably at
                  | your foes. [a neqoxec]
 16045 | Abyss:2  | Killed from afar by a smoke demon

Illustrated notes

Levels and vault maps discovered:
D:1:      lightli_iron_boxes, layout_rooms, basic_ecumenical_altar
D:2:      layout_loops_ring, uniq_robin, uniq_sigmund
D:3:      layout_rooms
D:4:      layout_basic, minmay_temple_entry_poolview, minmay_tree_intersection,
          st_stairs_14, minmay_ruptured, uniq_eustachio, uniq_blork_the_orc
D:5:      layout_layer_cave, serial_shops, nicolae_shop_statue_plus
D:6:      kennysheep_big_flooded_room, layout_gridville,
          small_statue_intersection, dk_vineyard_3
D:7:      layout_basic, jmf_multi_god_temple, kb_rosetta
D:8:      cheibrodos_statue_roulette, layout_basic
D:9:      layout_layer_cave, lemuel_round_altar, orc_0_dummy, serial_shops,
          nicolae_shop_behind_doors, hellmonk_bongcloud_opening,
          kennysheep_boxes
D:10:     layout_basic, xom_redecorated, gammafunk_ghost_mausoleum
D:11:     layout_loops_ring, lair_entry_dummy, serial_shops, nicolae_shop_stone,
          serial_aquarium, aquarium_bridge_straight [aquarium_subvault_bridge,
          aquarium_subvault_wall, aquarium_subvault_bridge,
          aquarium_subvault_window], aquarium_window_2, aquarium_window_1,
          aquarium_view_2a, aquarium_pool_2, ebering_ghost_gozag,
          nemelex_lonely_heart_becter
Abyss:2:  base:
D:6

Skill      XL: |  1  2  3  4  5  6  7  8  9 10 11 |
---------------+----------------------------------+-----
Axes           | 4 5 7 8 9 11 14 16 | 16.5
Long Blades    | 2 |  2.3
Short Blades   | 1 |  1.1
Staves         | 1 |  1.1
Slings         | 1 |  1.1
Bows           | 1 |  1.0
Crossbows      | 1 |  1.0
Shields        | 1 |  1.2
Armour         | 10 | 10.5
Fighting       | 14 | 14.0
Throwing       | |  0.9
Dodging        | |  2.1
Invocations    | |  0.9
Evocations     | |  0.9

Action                   |  1- 3 |  4- 6 |  7- 9 | 10-12 || total
-------------------------+-------+-------+-------+-------++-------
Melee: Hand axe          |    60 |   118 |       |       ||   178
       Headbutt          |     9 |    25 |    42 |    48 ||   124
       War axe           |       |       |   228 |   160 ||   388
       Battleaxe         |       |       |       |   103 ||   103
       Broad axe         |       |       |       |     6 ||     6
Invok: Berserk           |     1 |     1 |    11 |    18 ||    31
       Trog's Hand       |       |     1 |       |       ||     1
  Use: Scroll            |       |     2 |     5 |     4 ||    11
       Potion            |       |       |       |     1 ||     1
Armor: Animal skin       |     4 |       |       |       ||     4
       Leather armour    |     7 |    36 |     3 |       ||    46
       Scale mail        |       |       |    62 |       ||    62
       Chain mail        |       |       |    17 |    58 ||    75
       Plate armour      |       |       |       |   110 ||   110
Dodge: Dodged            |    31 |    66 |    84 |    95 ||   276
